Map: 亚历山大港 - 天梯版

Players

iAsonu - Winner!

  • Race: Zerg Zerg

Ryu

  • Race: Zerg Zerg

Event: WESG 2018 Grand Finals

VOD

Have the link to the VOD?

Description

Time

  • Played on: March 12, 2019, 12:17 a.m.
  • Length: 8:55

All games in this series

Show
View Real Time Build Order
Export as new Build Order

iAsonu Zerg - Winner!

Build Orders: Hatch First 

Get SALT Encoding   

  12  0:00  Drone  
  13  0:12  Overlord  
  13  0:18  Drone  
  14  0:32  Drone x2  
  14  0:35  Drone  
  17  0:53  Hatchery  
  17  0:55  Drone  
  17  1:09  Spawning Pool  
  17  1:11  Extractor  
  15  1:14  Drone  
  15  1:18  Drone  
  17  1:21  Drone  
  18  1:28  Drone  
  19  1:40  Overlord  
  19  1:50  Drone  
  20  1:55  Queen  
  20  2:00  Drone  
  23  2:04  Queen  
  23  2:05  Drone  
  26  2:10  Metabolic Boost  
  26  2:13  Drone  
  27  2:17  Zergling x2  
  28  2:25  Zergling x2  
  28  2:26  Drone  
  30  2:38  Hatchery  
  30  2:41  Drone  
  30  2:48  Baneling Nest, Drone  
  30  2:49  Drone  
  31  2:55  Drone  
  31  2:57  Overlord  
  32  3:00  Drone  
  33  3:09  Zergling x6  
  36  3:17  Zergling x8  
  40  3:21  Queen  
  42  3:27  Overlord  
  42  3:40  Baneling  
  42  3:41  Baneling  
  42  3:43  Drone x2  
  42  3:48  Zergling x2  
  42  3:56  Zergling x8  
  42  4:02  Drone  
  45  4:03  Drone  
  45  4:05  Zergling x2  
  45  4:08  Drone  
  45  4:09  Roach Warren, Extractor  
  46  4:11  Drone  
  45  4:31  Drone x7  
  45  4:37  Overlord  
  51  4:44  Drone x2  
  51  4:45  Drone  
  54  4:47  Evolution Chamber  
  54  4:49  Drone x4  
  57  4:58  Drone  
  57  4:59  Roach x4  
  60  5:04  Roach x3  
  65  5:10  Overlord  
  65  5:11  Lair  
  65  5:13  Zerg Missile Weapons Level 1  
  65  5:14  Extractor  
  64  5:15  Zergling x4  
  66  5:22  Overlord  
  66  5:28  Overlord x2  
  66  5:29  Drone x4  
  70  5:36  Drone  
  70  5:39  Drone  
  70  5:40  Drone  
  70  5:41  Drone  
  74  5:46  Drone x7  
  81  5:51  Drone  
  81  5:55  Drone, Extractor x2  
  80  5:58  Roach x4  
  88  6:05  Roach x3  
  88  6:09  Overlord  
  88  6:10  Glial Reconstitution  
  94  6:13  Roach  
  94  6:15  Overseer  
  94  6:16  Roach  
  98  6:19  Overlord  
  98  6:24  Overlord x2  
  98  6:27  Spine Crawler  
  98  6:29  Roach x2  
  100  6:32  Ravager  
  100  6:35  Drone x4  
  100  6:39  Roach x2  
  108  6:53  Overlord  
  108  6:55  Roach x4  
  108  6:56  Roach x3  
  108  6:58  Overlord  
  108  7:00  Overlord  
  122  7:05  Overlord  
  122  7:09  Overlord  
  122  7:11  Ravager x3  
  122  7:12  Roach  
  122  7:13  Roach x3  
  133  7:19  Roach  
  135  7:25  Roach x4  
  135  7:28  Roach  
  145  7:33  Roach  
  145  7:34  Roach x3  
  153  7:44  Roach x5  
  163  7:53  Roach x3  
  163  7:55  Overlord  
  163  7:56  Ravager  
  170  8:07  Overlord  
  170  8:10  Hydralisk Den  
  157  8:20  Overlord  
  149  8:31  Roach x11  
Show
View Real Time Build Order
Export as new Build Order

Ryu Zerg 

Build Orders: Hatch First 

Get SALT Encoding   

  12  0:00  Drone  
  13  0:13  Overlord  
  13  0:17  Drone  
  14  0:31  Drone x2  
  16  0:49  Hatchery  
  15  0:53  Drone  
  15  0:56  Drone  
  17  0:59  Extractor  
  17  1:02  Drone  
  17  1:17  Spawning Pool  
  16  1:19  Drone  
  16  1:23  Drone  
  18  1:29  Drone  
  19  1:41  Drone  
  20  1:53  Overlord  
  20  2:04  Queen x2  
  20  2:05  Zergling x4  
  26  2:11  Metabolic Boost  
  26  2:15  Drone  
  27  2:17  Drone  
  28  2:23  Drone x2  
  30  2:33  Drone  
  30  2:35  Drone  
  32  2:47  Hatchery  
  31  2:52  Baneling Nest  
  31  2:54  Drone  
  30  3:00  Queen  
  30  3:05  Overlord  
  32  3:08  Drone  
  32  3:11  Drone  
  34  3:14  Zergling x2  
  34  3:16  Drone  
  36  3:20  Overlord  
  36  3:24  Drone x2  
  36  3:26  Zergling x2  
  39  3:28  Zergling x2  
  39  3:31  Drone  
  41  3:38  Zergling x2  
  41  3:39  Zergling x2  
  44  3:41  Drone  
  44  3:45  Queen  
  46  3:51  Zergling x4  
  44  3:56  Zergling x6  
  44  4:02  Baneling x2  
  47  4:05  Drone  
  47  4:06  Zergling x2, Drone  
  47  4:07  Zergling x2  
  51  4:15  Drone x2  
  52  4:21  Drone x2  
  52  4:23  Evolution Chamber  
  50  4:25  Drone x2  
  50  4:27  Baneling  
  51  4:31  Lair, Drone  
  51  4:36  Roach Warren  
  51  4:38  Roach Warren  
  51  4:39  Drone x3  
  51  4:40  Zergling x2  
  51  4:42  Baneling x2  
  51  4:44  Zergling x2  
  55  4:50  Zerg Missile Weapons Level 1  
  55  4:53  Extractor  
  55  4:54  Extractor  
  52  5:01  Drone  
  52  5:02  Drone x2  
  52  5:05  Overlord  
  52  5:06  Overlord  
  55  5:09  Overlord  
  55  5:12  Drone x2  
  57  5:18  Drone  
  57  5:21  Overlord  
  58  5:22  Overlord  
  58  5:24  Roach x2  
  58  5:25  Roach x2  
  58  5:28  Roach  
  67  5:30  Roach  
  67  5:31  Roach  
  67  5:35  Roach  
  73  5:36  Overlord  
  73  5:38  Roach  
  73  5:42  Baneling  
  74  5:44  Roach  
  74  5:49  Extractor  
  75  5:52  Roach x2  
  75  5:55  Drone x2  
  75  5:56  Zergling x6  
  84  5:59  Drone x3  
  84  6:03  Glial Reconstitution, Extractor  
  86  6:07  Drone x2  
  86  6:08  Drone  
  87  6:11  Extractor  
  87  6:12  Drone x2  
  87  6:15  Drone  
  87  6:16  Drone  
  90  6:20  Drone x3  
  93  6:27  Spire  
  90  6:34  Drone x2  
  90  6:35  Drone  
  93  6:40  Drone x3  
  93  6:42  Drone x2  
  93  6:43  Drone  
  93  6:44  Overlord  
  99  6:47  Roach x2  
  99  6:51  Roach x2  
  104  6:58  Roach  
  104  6:59  Overlord x2  
  106  7:01  Overseer  
  106  7:04  Roach x2  
  110  7:22  Roach x3  
  116  7:26  Overlord x2  
  116  7:27  Hatchery  
  115  7:33  Ravager x2  
  115  7:34  Overlord x2  
  117  7:39  Mutalisk  
  117  7:40  Mutalisk  
  119  7:45  Mutalisk x4  
  119  7:47  Roach  
  119  7:50  Overlord  
  129  7:53  Roach  
  129  7:54  Roach  
  129  7:56  Overlord  
  129  7:57  Roach  
  134  8:05  Roach  
  134  8:06  Roach x2  
  134  8:09  Roach  
  134  8:10  Roach x2  
  142  8:16  Roach x4  
  142  8:19  Roach x2  
  134  8:21  Roach  
  134  8:26  Roach x3  
  121  8:32  Roach x3  
  97  8:36  Roach  
Tags
 
Add a new tag
Caveats
  • Supply blocks, unpowered buildings, or Contaminate may cause inaccurate times.
  • Supply counts are checked every 10 seconds.